SNL (28 & UNDER)
KEY WEST BARRACUDAS @ WICHITA WRANGLERS
05/26/2023
 
TOP OF THE 1ST
Key West Barracudas batting - Pitching for Wichita Wranglers : LHP Jesús Martínez
Pitching: LHP Jesús Martínez
Batting: SHB Rodney Birling 0-0: Called Strike
0-1: Foul Ball, location: 2F
0-2: Ball
1-2: Ball
2-2: Strikes out swinging
Batting: SHB Patrick Larson 0-0: Ground out 5-3 (Groundball, 5)
Batting: RHB Dave Nelson 0-0: Ball
1-0: Ground out 5-3 (Groundball, 5D)
Top of the 1st over - 0 run(s), 0 hit(s), 0 error(s), 0 left on base; Key West 0 - Wichita 0
BOTTOM OF THE 1ST
Wichita Wranglers batting - Pitching for Key West Barracudas : RHP Cade Baird
Pitching: RHP Cade Baird
Batting: RHB Cho-yun Qiao 0-0: Swinging Strike
0-1: Ground out 6-3 (Groundball, 6M)
Batting: RHB Kyle Nelson 0-0: Ball
1-0: Called Strike
1-1: Ball
2-1: Foul Ball, location: 2F
2-2: Strikes out looking
Batting: LHB Tom Robinson 0-0: Ball
1-0: Fly out, F4 (Line Drive, 34)
Bottom of the 1st over - 0 run(s), 0 hit(s), 0 error(s), 0 left on base; Key West 0 - Wichita 0
TOP OF THE 2ND
Key West Barracudas batting - Pitching for Wichita Wranglers : LHP Jesús Martínez
Batting: RHB Carlos Miranda 0-0: Swinging Strike
0-1: SINGLE (Groundball, 56D)
Batting: RHB Luther Stoffels 0-0: Called Strike
0-1: Ball
1-1: Ball
2-1: Grounds into double play, 4-6-3 (Groundball, 4)
Batting: RHB Kenny Cole 0-0: Ball
1-0: Called Strike
1-1: Ball
2-1: Foul Ball, location: 2F
2-2: Ball
3-2: Base on Balls
Batting: LHB Jake Wells 0-0: Ball
1-0: Foul Ball, location: 2F
1-1: Ball
2-1: Called Strike
2-2: Ground out 3-1 (Groundball, 3)
Top of the 2nd over - 0 run(s), 1 hit(s), 0 error(s), 1 left on base; Key West 0 - Wichita 0
BOTTOM OF THE 2ND
Wichita Wranglers batting - Pitching for Key West Barracudas : RHP Cade Baird
Batting: RHB Bob Hall 0-0: Ball
1-0: Foul Ball, location: 2F
1-1: Ground out 5-3 (Groundball, 5S)
Batting: RHB George Clark 0-0: Called Strike
0-1: Ball
1-1: Called Strike
1-2: Strikes out looking
Batting: RHB Luis Sánchez 0-0: Foul Ball, location: 2F
0-1: Ball
1-1: Called Strike
1-2: Strikes out looking
Bottom of the 2nd over - 0 run(s), 0 hit(s), 0 error(s), 0 left on base; Key West 0 - Wichita 0
TOP OF THE 3RD
Key West Barracudas batting - Pitching for Wichita Wranglers : LHP Jesús Martínez
Batting: RHB Alfredo Pineda 0-0: Called Strike
0-1: Ball
1-1: Fly out, F1 (Line Drive, 15)
Batting: RHB Dan Craft 0-0: Called Strike
0-1: Ball
1-1: Foul Ball, location: 2F
1-2: Ball
2-2: Strikes out swinging
Batting: SHB Rodney Birling 0-0: Called Strike
0-1: Foul Ball, location: 2F
0-2: Ball
1-2: Ball
2-2: Strikes out swinging
Top of the 3rd over - 0 run(s), 0 hit(s), 0 error(s), 0 left on base; Key West 0 - Wichita 0
BOTTOM OF THE 3RD
Wichita Wranglers batting - Pitching for Key West Barracudas : RHP Cade Baird
Batting: RHB Jesús Ibarra 0-0: Ball
1-0: Swinging Strike
1-1: Foul Ball, location: 2F
1-2: Foul Ball, location: 2F
1-2: Strikes out swinging
Batting: LHB Mario Cornelo 0-0: DOUBLE (Line Drive, 7D)
Batting: RHB Jim Beck 0-0: Foul Ball, location: 2F
0-1: Ball
1-1: Swinging Strike
1-2: Ball
2-2: Foul Ball, location: 2F
2-2: Ball
3-2: Foul Ball, location: 2F
3-2: Strikes out swinging
Batting: RHB Cho-yun Qiao 0-0: Called Strike
0-1: Foul Ball, location: 2F
0-2: TRIPLE (Flyball, 89XD)
Mario Cornelo scores
Batting: RHB Kyle Nelson 0-0: Ball
1-0: Called Strike
1-1: Ball
2-1: Ball
3-1: Fly out, F7 (Flyball, 78M)
Bottom of the 3rd over - 1 run(s), 2 hit(s), 0 error(s), 1 left on base; Key West 0 - Wichita 1
TOP OF THE 4TH
Key West Barracudas batting - Pitching for Wichita Wranglers : LHP Jesús Martínez
Batting: SHB Patrick Larson 0-0: Fly out, F8 (Flyball, 8LS)
Batting: RHB Dave Nelson 0-0: Ground out 1-3 (Groundball, 25)
Batting: RHB Carlos Miranda 0-0: SINGLE (Groundball, 34)
Batting: RHB Luther Stoffels 0-0: Ball
1-0: Ball
2-0: DOUBLE (Flyball, 7D)
Carlos Miranda to third
Carlos Miranda scores
Batting: RHB Kenny Cole 0-0: Called Strike
0-1: Called Strike
0-2: Foul Ball, location: 2F
0-2: Foul Ball, location: 2F
0-2: Ball
Wild Pitch!
Luther Stoffels to third
1-2: Ball
2-2: Ball
3-2: Ground out 5-3 (Groundball, 5S)
Top of the 4th over - 1 run(s), 2 hit(s), 0 error(s), 1 left on base; Key West 1 - Wichita 1
BOTTOM OF THE 4TH
Wichita Wranglers batting - Pitching for Key West Barracudas : RHP Cade Baird
Batting: LHB Tom Robinson 0-0: Ball
1-0: Ball
2-0: Swinging Strike
2-1: Foul Ball, location: 2F
2-2: Foul Ball, location: 2F
2-2: Fly out, F7 (Flyball, 7LD)
Batting: RHB Bob Hall 0-0: Swinging Strike
0-1: Ball
1-1: Ball
2-1: Foul Ball, location: 2F
2-2: Strikes out swinging
Batting: RHB George Clark 0-0: Ball
1-0: Foul Ball, location: 2F
1-1: Ball
2-1: Foul Ball, location: 2F
2-2: Strikes out swinging
Bottom of the 4th over - 0 run(s), 0 hit(s), 0 error(s), 0 left on base; Key West 1 - Wichita 1
TOP OF THE 5TH
Key West Barracudas batting - Pitching for Wichita Wranglers : LHP Jesús Martínez
Batting: LHB Jake Wells 0-0: Ball
1-0: Swinging Strike
1-1: Foul Ball, location: 2F
1-2: Foul Ball, location: 2F
1-2: Strikes out looking
Batting: RHB Alfredo Pineda 0-0: Swinging Strike
0-1: Foul Ball, location: 2F
0-2: Fly out, F8 (Flyball, 8RM)
Batting: RHB Dan Craft 0-0: Foul Ball, location: 2F
0-1: Ball
1-1: Swinging Strike
1-2: Ground out 5-3 (Groundball, 56)
Top of the 5th over - 0 run(s), 0 hit(s), 0 error(s), 0 left on base; Key West 1 - Wichita 1
BOTTOM OF THE 5TH
Wichita Wranglers batting - Pitching for Key West Barracudas : RHP Cade Baird
Batting: RHB Luis Sánchez 0-0: Fly out, F8 (Flyball, 8LXD)
Batting: RHB Jesús Ibarra 0-0: Called Strike
0-1: SINGLE (Groundball, 56) (infield hit)
Batting: LHB Mario Cornelo 0-0: Swinging Strike
0-1: Called Strike
0-2: Fly out, F8 (Flyball, 8LXD)
Batting: RHB Jim Beck 0-0: Swinging Strike
0-1: Ground out 5-3 (Groundball, 5)
Bottom of the 5th over - 0 run(s), 1 hit(s), 0 error(s), 1 left on base; Key West 1 - Wichita 1
TOP OF THE 6TH
Key West Barracudas batting - Pitching for Wichita Wranglers : LHP Jesús Martínez
Batting: SHB Rodney Birling 0-0: Ball
1-0: Foul Ball, location: 2F
1-1: Called Strike
1-2: Foul Ball, location: 2F
1-2: Foul Ball, location: 2F
1-2: Foul Ball, location: 2F
1-2: Strikes out swinging
Batting: SHB Patrick Larson 0-0: Ball
1-0: SOLO HOME RUN (Flyball, 7LD), Distance : 331 ft
Batting: RHB Dave Nelson 0-0: Ground out 5-3 (Groundball, 5)
Batting: RHB Carlos Miranda 0-0: Called Strike
0-1: Ball
1-1: Called Strike
1-2: Ball
2-2: Fly out, F9 (Flyball, 9M)
Top of the 6th over - 1 run(s), 1 hit(s), 0 error(s), 0 left on base; Key West 2 - Wichita 1
BOTTOM OF THE 6TH
Wichita Wranglers batting - Pitching for Key West Barracudas : RHP Cade Baird
Batting: RHB Cho-yun Qiao 0-0: Called Strike
0-1: Swinging Strike
0-2: Strikes out swinging
Batting: RHB Kyle Nelson 0-0: Ball
1-0: Called Strike
1-1: Ball
2-1: Ball
3-1: Foul Ball, location: 2F
3-2: Strikes out swinging
Batting: LHB Tom Robinson 0-0: Ball
1-0: Swinging Strike
1-1: Ball
2-1: SINGLE (Line Drive, 8RS)
Batting: RHB Bob Hall 0-0: Called Strike
0-1: Foul Ball, location: 2F
0-2: Foul Ball, location: 2F
0-2: Ball
1-2: Foul Ball, location: 2F
1-2: Ball
2-2: Strikes out looking
Bottom of the 6th over - 0 run(s), 1 hit(s), 0 error(s), 1 left on base; Key West 2 - Wichita 1
TOP OF THE 7TH
Key West Barracudas batting - Pitching for Wichita Wranglers : LHP Jesús Martínez
Batting: RHB Luther Stoffels 0-0: Foul Ball, location: 2F
0-1: Fly out, F9 (Flyball, 9M)
Batting: RHB Kenny Cole 0-0: Ball
1-0: Ball
2-0: Called Strike
2-1: SINGLE (Groundball, 25) (infield hit)
Pinch Hitting: LHB Arturo López 0-0: SINGLE (Line Drive, 89S)
Kenny Cole to second
Batting: RHB Alfredo Pineda 0-0: Called Strike
0-1: Ball
1-1: Ball
2-1: Ball
3-1: Swinging Strike
3-2: Strikes out looking
Batting: RHB Dan Craft 0-0: Ball
1-0: SINGLE (Groundball, 6MD)
Kenny Cole to third
Arturo López to second
Runner from 3rd tries for Home, SAFE, no throw or cutoff
Pinch Hitting: RHB Ramiro Gámez 0-0: Ball
1-0: Ball
2-0: Ball
3-0: Base on Balls
Arturo López to third
Dan Craft to second
Pitching: RHP Pat Ellis
Batting: SHB Patrick Larson 0-0: Ball
1-0: Ball
2-0: Foul Ball, location: 2F
2-1: Foul Ball, location: 2F
2-2: Ball
3-2: Base on Balls
Arturo López scores
Dan Craft to third
Ramiro Gámez to second
Batting: RHB Dave Nelson 0-0: Called Strike
0-1: Fly out, F7 (Popup, 56D)
Top of the 7th over - 2 run(s), 3 hit(s), 0 error(s), 3 left on base; Key West 4 - Wichita 1
BOTTOM OF THE 7TH
Wichita Wranglers batting - Pitching for Key West Barracudas : RHP Cade Baird
Now at 1B: Arturo López
Now at 3B: Ramiro Gámez
Batting: RHB George Clark 0-0: SINGLE (Groundball, 56)
Batting: RHB Luis Sánchez 0-0: DOUBLE (Groundball, 5L)
George Clark to third
Batting: RHB Jesús Ibarra 0-0: Ball
1-0: Called Strike
1-1: Ball
2-1: SINGLE (Groundball, 6M)
George Clark scores
Luis Sánchez to third
Batting: LHB Mario Cornelo 0-0: Ball
1-0: Called Strike
1-1: Called Strike
1-2: Ball
2-2: Strikes out swinging
Pitching: RHP Tom Clement
Batting: RHB Jim Beck 0-0: Grounds into double play, 6-4-3 (Groundball, 6)
Bottom of the 7th over - 1 run(s), 3 hit(s), 0 error(s), 1 left on base; Key West 4 - Wichita 2
TOP OF THE 8TH
Key West Barracudas batting - Pitching for Wichita Wranglers : RHP Pat Ellis
Batting: RHB Carlos Miranda 0-0: Called Strike
0-1: Ball
1-1: Swinging Strike
1-2: Strikes out looking
Batting: RHB Luther Stoffels 0-0: Ground out 1-3 (Groundball, 15S)
Batting: RHB Kenny Cole 0-0: Called Strike
0-1: Called Strike
0-2: Strikes out swinging
Top of the 8th over - 0 run(s), 0 hit(s), 0 error(s), 0 left on base; Key West 4 - Wichita 2
BOTTOM OF THE 8TH
Wichita Wranglers batting - Pitching for Key West Barracudas : RHP Tom Clement
Batting: RHB Cho-yun Qiao 0-0: Ball
1-0: Foul Ball, location: 2F
1-1: Ball
2-1: Ball
3-1: Base on Balls
Pitching: LHP Jaime Ayala
Batting: RHB Kyle Nelson 0-0: Swinging Strike
0-1: Ball
1-1: Ball
2-1: Fly out, F8 (Popup, 6MD)
Batting: LHB Tom Robinson 0-0: SINGLE (Line Drive, 34)
Cho-yun Qiao to second
Throwing error, E9
Cho-yun Qiao scores
Tom Robinson to second
Batting: RHB Bob Hall 0-0: Ball
1-0: SINGLE (Line Drive, 8LS)
Tom Robinson to third
Batting: RHB George Clark 0-0: SINGLE (Groundball, 56D)
Tom Robinson scores
Bob Hall to second
Batting: RHB Luis Sánchez 0-0: Called Strike
0-1: TRIPLE (Line Drive, 8RM)
Bob Hall scores
George Clark scores
Batting: RHB Jesús Ibarra 0-0: Intentional Walk
Pitching: RHP Steven O'Brien
Batting: LHB Mario Cornelo 0-0: Ball
Jesús Ibarra is caught stealing 2nd base
1-0: Ball
2-0: Swinging Strike
2-1: Foul Ball, location: 2F
2-2: Strikes out swinging
Bottom of the 8th over - 4 run(s), 4 hit(s), 1 error(s), 1 left on base; Key West 4 - Wichita 6
TOP OF THE 9TH
Key West Barracudas batting - Pitching for Wichita Wranglers : RHP Pat Ellis
Pitching: RHP Eric Hunt
Batting: LHB Arturo López 0-0: Called Strike
0-1: Ball
1-1: Ball
2-1: Swinging Strike
2-2: Foul Ball, location: 2F
2-2: Strikes out looking
Batting: RHB Alfredo Pineda 0-0: Ball
1-0: Ball
2-0: Ball
3-0: Called Strike
3-1: Foul Ball, location: 2F
3-2: Foul Ball, location: 2F
3-2: Foul Ball, location: 2F
3-2: Base on Balls
Pinch Hitting: LHB Víctor Acevedo 0-0: Ball
1-0: Ball
2-0: SINGLE (Groundball, 15S) (infield hit)
Alfredo Pineda to second
Pinch Hitting: RHB Zander Tremblett 0-0: Grounds into double play, 4-6-3 (Groundball, 4)
Top of the 9th over - 0 run(s), 1 hit(s), 0 error(s), 1 left on base; Key West 4 - Wichita 6
This league is powered by Out of the Park Baseball, the baseball management simulation game for PC, Mac and Linux
Wednesday, December 2nd, 2015 - OOTP Baseball 16.8 Build 38